 Dungeon Crawl Stone Soup version 0.21-b1-21-g86478ac (webtiles) character file.

298695 Firecrotchwizard the Severer (level 20, -1/289 HPs)
             Began as a Minotaur Berserker on Jan 4, 2018.
             Was the Champion of Trog.
             Slain by agentgt's ghost (18 damage)
             ... on level 3 of the Vaults.
             The game lasted 01:50:15 (47460 turns).

Firecrotchwizard the Severer (Minotaur Berserker)  Turns: 47460, Time: 01:50:16

Health: -1/289     AC: 28    Str: 30    XL:     20   Next: 13%
Magic:  18/18      EV: 25    Int:  7    God:    Trog [******]
Gold:   3046       SH:  0    Dex: 20    Spells: 19/19 levels left

rFire    + + +     SeeInvis .   F - +3 executioner's axe (freeze)
rCold    x . .     Gourm    .   (shield currently unavailable)
rNeg     + + .     Faith    .   N - +0 fire dragon scales
rPois    +         Spirit   .   G - +2 hat {Int+3}
rElec    .         Reflect  .   V - +2 cloak
rCorr    .         Harm     .   J - +2 pair of gloves
MR       +++..                  t - +2 pair of boots {Stlth+}
Stlth    ..........             (no amulet)
HPRegen  1.58/turn              K - ring "Meanlu" {+Fly rF+ rN++ MP-9 Dex+4}
MPRegen  0.16/turn              D - ring of poison resistance {rPois, !d}

@: berserking (expiring), regenerating, very quick
A: retaliatory headbutt, horns 2
}: 2/15 runes: decaying, gossamer
a: Berserk, Trog's Hand, Brothers in Arms, Burn Spellbooks, Renounce Religion,
Evoke Flight


You were on level 3 of the Vaults.
You worshipped Trog.
Trog was exalted by your worship.
You were not hungry.

You visited 6 branches of the dungeon, and saw 34 of its levels.

You collected 3996 gold pieces.
You spent 950 gold pieces at shops.

Inventory:

Hand Weapons
 n - a +4 antimagic executioner's axe
   (Trog gifted it to you on level 14 of the Dungeon)
 F - a +3 executioner's axe of freezing (weapon)
   (Trog gifted it to you on level 3 of the Vaults)
 M - a +6 battleaxe of freezing
   (Trog gifted it to you on level 2 of the Orcish Mines)
 T - a +3 antimagic battleaxe
   (Trog gifted it to you on level 13 of the Dungeon)
 Y - a +4 battleaxe of flaming
   (Trog gifted it to you on level 1 of the Spider Nest)
Missiles
 s - 3 curare-tipped needles
 u - 5 throwing nets {=f, !d}
Armour
 a - a scarf of cloud immunity
   (You bought it in a shop on level 7 of the Dungeon)
 t - a +2 pair of boots of stealth (worn)
   (You bought it in a shop on level 9 of the Dungeon)
 G - a +2 hat of intelligence (worn)
   (You found it on level 6 of the Lair of Beasts)
 J - a +2 pair of gloves (worn)
   (You found it on level 6 of the Lair of Beasts)
 N - +0 fire dragon scales (worn)
   (You found it on level 1 of the Vaults)
 V - a +2 cloak (worn)
   (You found it on level 1 of the Swamp)
Jewellery
 o - an uncursed ring of see invisible {sInv, !d}
   (You found it on level 3 of the Dungeon)
 D - a ring of poison resistance (right hand) {rPois, !d}
   (You found it on level 2 of the Lair of Beasts)
 E - an uncursed ring of ice {rC+, rF-}
   (You took it off Fannar on level 10 of the Dungeon)
 K - the ring "Meanlu" (left hand) {+Fly rF+ rN++ MP-9 Dex+4}
   (You bought it in a shop on level 2 of the Orcish Mines)

   [ring of protection from fire]

   It affects your dexterity (+4).
   It protects you from fire.
   It greatly protects you from negative energy.
   It affects your magic capacity (-9).
   It lets you fly.
 P - a +3 ring of evasion
   (You found it on level 13 of the Dungeon)
Wands
 f - a wand of clouds (9)
   (You found it on level 7 of the Dungeon)
 j - a wand of iceblast (15)
   (You found it on level 7 of the Dungeon)
 m - a wand of disintegration (39) {@e1}
   (You found it on level 8 of the Dungeon)
 p - a wand of paralysis (15)
   (You found it on level 4 of the Spider Nest)
 v - a wand of digging (14)
   (You took it off Grum on level 10 of the Dungeon)
 y - a wand of scattershot (5)
   (You found it on level 3 of the Spider Nest)
Scrolls
 d - 10 scrolls of teleportation
 e - 13 scrolls of remove curse
 g - 9 scrolls of magic mapping {!r}
 z - a scroll of holy word {!r}
 A - 9 scrolls of identify
 H - a scroll of summoning
 I - 5 scrolls of fear
 O - 7 scrolls of fog
 R - 4 scrolls of enchant armour
Potions
 b - 3 potions of flight
 h - 12 potions of curing
 i - 6 potions of haste
 k - 8 potions of might
 l - 8 potions of lignification {!q}
 q - 2 potions of invisibility
 r - 2 potions of heal wounds
 w - 5 potions of mutation {!q}
 B - 4 potions of agility
 C - 8 potions of ambrosia
 L - 3 potions of cancellation
 Q - 2 potions of resistance {unknown}
 S - a potion of magic {unknown}
Miscellaneous
 x - 2 sacks of spiders
 U - a phial of floods
   (You found it on level 15 of the Dungeon)
 W - a lamp of fire
   (You found it on level 4 of the Swamp)
 Z - a fan of gales
   (You found it on level 4 of the Swamp)
Comestibles
 c - 16 rations {@e1}


   Skills:
 + Level 20.1 Fighting
 * Level 20.2 Axes
   Level 1.7(13.8) Maces & Flails
 + Level 19.9 Armour
 + Level 18.5 Dodging
 - Level 0.3 Stealth
 - Level 11.0 Evocations


You had 19 spell levels left.
You didn't know any spells.

Dungeon Overview and Level Annotations

Branches:
Dungeon (15/15)            Temple (0/1) D:6            Lair (6/6) D:8
  Swamp (4/4) Lair:4       Spider (4/4) Lair:2        Slime (0/5) Lair:5
    Orc (2/2) D:9             Elf (0/3) Orc:2        Vaults (3/5) D:14
  Crypt (0/3) Vaults:2     Depths (0/5) D:15

Altars:
Ashenzari
Dithmenos
Elyvilon
Makhleb
Okawaru
Trog
Uskayaw
Wu Jian
Xom
Yredelemnul
Zin
Beogh

Shops:
D:7 [   D:9 [   D:15 ([}**   Orc:2 }*?=%   Vaults:3 :

Portals:
Trove: D:11 (give 13 potions of heal wounds)

Annotations:
Lair:5 exclusion: 3 oklob plants
Vaults:3 agentgt's ghost, adept MiBe


Innate Abilities, Weirdness & Mutations

You reflexively headbutt those who attack you in melee.
You have a pair of horns on your head.


Message History

Your headbutt misses agentgt's ghost. You barely miss the orc knight.
You barely miss the yaktaur.
The yaktaur shoots a bolt.
The bolt completely misses you. The bolt hits your ogre!
The orc knight roars a battlecry!
The orc warrior goes into a battle-frenzy!
You carve the orc knight like a ham!!! You freeze the orc knight!
You feel the power of Trog in you as your rage grows.
You kill the orc knight!
Trog accepts your kill.
You slice the yaktaur!! You freeze the yaktaur.
You kill the yaktaur!
Trog accepts your kill.
You miss agentgt's ghost.
You hear a shout!
Your ogre completely misses agentgt's ghost.
Agentgt's ghost hits you but does no damage.
The orc completely misses you.
The yaktaur shoots a bolt.
The bolt hits your ogre! The bolt freezes your ogre.
Your ogre dies!
Your ogre's corpse disappears in a puff of smoke!
You slice the orc warrior!! You freeze the orc warrior!
You kill the orc warrior!
Trog accepts your kill.
You closely miss agentgt's ghost. Agentgt's ghost misses you.
The yaktaur shoots a bolt.
The bolt completely misses you. The orc completely misses you.
You barely miss agentgt's ghost. Your headbutt misses agentgt's ghost.
The yaktaur shoots a bolt.
The bolt hits you. The bolt freezes you. Agentgt's ghost hits you!
You take 22 damage, and have 111/289 hp.
The orc completely misses you.
The yaktaur unwields an uncursed arbalest.
The yaktaur hits you but does no damage.
Items here: ( ))) [[ † You miss agentgt's ghost.
You barely miss the orc warrior. You slice the yaktaur!!
You freeze the yaktaur. You closely miss the orc. x2
Agentgt's ghost hits you but does no damage.
The orc completely misses you. You furiously retaliate!
You headbutt the orc!!
You kill the orc!
Trog accepts your kill.
An orc comes into view. It is wielding a short sword.
You slash the orc! You freeze the orc.
You feel the power of Trog in you as your rage grows.
You kill the orc!
Trog accepts your kill.
You hit agentgt's ghost. You freeze agentgt's ghost.
You slice the orc warrior!! You freeze the orc warrior. You slash the yaktaur!
You freeze the yaktaur.
You kill the yaktaur!
Trog accepts your kill. The orc warrior hits you with a flail!!
Agentgt's ghost hits you!
* * * LOW HITPOINT WARNING * * *
You take 34 damage, and have 79/289 hp.
You barely miss the orc warrior. Your headbutt misses the orc warrior.
You slash agentgt's ghost! You freeze agentgt's ghost.
You barely miss agentgt's ghost. Your headbutt misses agentgt's ghost.
You hit the orc warrior. You freeze the orc warrior.
You kill the orc warrior!
Trog accepts your kill.
You slice the yaktaur!! You freeze the yaktaur!
Agentgt's ghost hits you but does no damage.
The yaktaur unwields an uncursed arbalest of freezing.
The yaktaur completely misses you. You furiously retaliate!
You headbutt the yaktaur!!
You kill the yaktaur!
Trog accepts your kill.
You miss agentgt's ghost. Your headbutt misses agentgt's ghost.
Agentgt's ghost hits you!!
* * * LOW HITPOINT WARNING * * *
You take 28 damage, and have 53/289 hp.
You closely miss agentgt's ghost. Your headbutt misses agentgt's ghost.
You hit agentgt's ghost. You freeze agentgt's ghost.
You headbutt agentgt's ghost, but do no damage.
Agentgt's ghost hits you but does no damage.
You completely miss agentgt's ghost. You completely miss agentgt's ghost.
You feel the effects of Trog's Hand fading.
Agentgt's ghost hits you!!
* * * LOW HITPOINT WARNING * * *
You take 23 damage, and have 33/289 hp.
You hit agentgt's ghost. You freeze agentgt's ghost.
You headbutt agentgt's ghost! Agentgt's ghost misses you.
You furiously retaliate!
You headbutt agentgt's ghost!! You closely miss agentgt's ghost.
You closely miss the orc. The orc completely misses you.
You hit agentgt's ghost. You freeze agentgt's ghost.
Your headbutt misses agentgt's ghost. You barely miss the orc.
Agentgt's ghost hits you!!
* * * LOW HITPOINT WARNING * * *
You take 21 damage, and have 14/289 hp.
You barely miss agentgt's ghost. Your headbutt misses agentgt's ghost.
You slice the orc!! You freeze the orc.
You kill the orc!
Trog accepts your kill. Agentgt's ghost misses you.
You closely miss agentgt's ghost. You miss agentgt's ghost.
You headbutt agentgt's ghost, but do no damage.
Agentgt's ghost hits you!!
You die...

#''##### #......#
#......# ##########
#......# #.........
#......# #.........
#......# #.........
#.))...# #....>....
#.@W)..# #...<.....
#).)).(# #.........
#(()...# #.........
#..(...# #.........
#......# #.........
#(.((..# ##########
######'###############
.......................
.....................(.


You could see agentgt's ghost.

Vanquished Creatures
  Nikola (Swamp:1)
  A bone dragon (Swamp:4)
  Arachne (Spider:4)
  Rupert (D:13)
  A tentacled monstrosity (Swamp:1)
  A lich (Vaults:3)
  Frances (Swamp:2)
  3 thorn hunters
  Agnes (Spider:1)
  A sphinx (Vaults:3)
  Kirke (Lair:5)
  Donald (Swamp:3)
  A fire giant (Vaults:3)
  An orc warlord (Vaults:3)
  4 ghost moths
  Aizul (Vaults:3)
  Louise (D:14)
  6 emperor scorpions
  8 vault wardens
  A ghoul (Vaults:2)
  A very ugly thing (Swamp:3)
  10 ironheart preservers
  8 entropy weavers
  3 stone giants
  Nessos (Lair:6)
  A dire elephant (Lair:6)
  Azrael (Spider:1)
  A deep elf annihilator (Vaults:2)
  A deep elf demonologist (Vaults:2)
  The ghost of xfalz the Basher, a journeyman GrFi of Makhleb (Lair:5)
  An ettin (D:15)
  3 fire dragons
  Snorg (D:14)
  The ghost of Likado the Grappler, a journeyman TrTm of Elyvilon (D:9)
  6 yaktaur captains
  A jiangshi (Vaults:2)
  7 hydras
  Harold (D:10)
  Fannar (D:10)
  9 vault guards
  2 rakshasas
  An ice dragon (Vaults:3)
  3 ghost crabs (Swamp:4)
  15 centaur warriors
  2 anacondas
  30 two-headed ogres
  10 alligators
  A deep troll shaman (Vaults:3)
  5 tengu warriors
  10 ogre magi
  2 deep troll earth magi
  3 deep elf knights
  An iron troll (Orc:2)
  13 skeletal warriors
  A shadow wraith (Vaults:1)
  2 unseen horrors (Vaults:1)
  16 deep trolls
  3 deep elf archers
  7 ironbrand convokers
  A spectral hydra (Swamp:4)
  9 swamp dragons
  A shambling mangrove (Swamp:4)
  Pikel (D:4)
  A spriggan druid (Swamp:3)
  4 wizards
  7 harpies
  A phantasmal warrior (Swamp:4)
  A necromancer (Vaults:1)
  A lindwurm (shapeshifter) (Vaults:2)
  28 ugly things
  10 deep elf magi
  6 orc sorcerers
  22 wolf spiders
  11 orc knights
  A manticore (D:11)
  2 moths of wrath (Spider:4)
  9 orb spiders
  9 cyclopes
  9 elephants (Lair:6)
  7 black mambas
  2 centaur zombies
  10 vault sentinels
  13 spiny frogs
  2 gargoyles
  3 swamp worm zombies (Swamp:4)
  3 demonic crawlers
  5 komodo dragons
  An efreet (D:13)
  23 yaktaurs
  2 hydra zombies (Swamp:4)
  15 trolls
  A yaktaur skeleton (Vaults:1)
  A tengu simulacrum (Vaults:1)
  12 hornets
  A polar bear (Lair:6)
  Grinder (D:5)
  37 jumping spiders
  A meliai (shapeshifter) (D:12)
  Prince Ribbit (D:8)
  4 blink frogs
  2 meliai zombies
  12 bog bodies
  19 slime creatures
  7 tyrant leeches
  2 spectral swamp dragons (Swamp:4)
  5 dream sheep (Lair:5)
  8 hippogriffs
  5 alligator zombies (Swamp:4)
  A tarantella (shapeshifter) (Vaults:3)
  2 shadows
  Sigmund (D:4)
  73 redbacks
  2 wraiths
  2 spriggans
  24 tarantellas
  2 water elementals (D:15)
  Grum (D:10)
  3 wyverns
  3 basilisks
  A basilisk (shapeshifter) (D:12)
  4 hogs (Lair:5)
  57 yaks
  3 chaos spawn (D:10)
  2 fire elementals (Spider:1)
  11 vampire mosquitoes
  4 hungry ghosts
  A steam dragon (D:8)
  Menkaure (D:6)
  The ghost of BisonMan the Skirmisher, an amateur KoWn (D:3)
  2 wargs
  14 insubstantial wisps
  15 swamp worms
  11 water moccasins
  2 acid dragons
  2 hell hounds (Spider:1)
  4 porcupines
  Duvessa (D:5)
  23 orc warriors
  3 ice beasts
  9 swamp drakes
  5 swamp dragon zombies (Swamp:4)
  3 black bears
  12 phantoms
  7 sky beasts
  A necrophage (D:9)
  An eye of draining (D:14)
  11 wolves
  38 ogres
  3 boggarts (D:15)
  26 centaurs
  12 crocodiles
  2 human zombies (Vaults:1)
  A big kobold (D:13)
  27 bullfrogs
  2 wyvern skeletons
  A hornet simulacrum (D:15)
  A scorpion (D:9)
  Dowan (D:5)
  An elf simulacrum (Vaults:2)
  3 killer bees (D:10)
  An orc simulacrum (Vaults:2)
  14 wights
  4 electric eels (Lair:4)
  7 howler monkeys
  5 crimson imps
  A bullfrog zombie (D:11)
  2 quasits
  13 orc priests
  3 bullfrog skeletons
  7 hounds
  2 jellies
  3 centaur skeletons
  14 orc wizards
  7 iguanas
  Natasha (thrice) (D:3)
  5 spectral swamp drakes (Swamp:4)
  7 worker ants
  A hound zombie (D:8)
  A worker ant zombie (D:5)
  Robin (D:3)
  3 gnolls (D:5)
  16 adders
  A shadow imp (D:14)
  3 adder skeletons
  4 worms
  9 leopard geckos
  68 orcs
  A ball python (Swamp:3)
  A giant cockroach (D:2)
  3 goblins
  7 hobgoblins
  7 jackals
  11 kobolds
  5 quokkas
  7 bats
  2 frilled lizards
  A quokka skeleton (D:9)
  5 rats
  9 briar patches (Swamp:4)
  7 fungi
  A plant (Lair:6)
1277 creatures vanquished.

Vanquished Creatures (collateral kills)
  An emperor scorpion (Spider:4)
  3 dire elephants (Lair:6)
  7 hydras
  A deep troll (Orc:2)
  3 orb spiders (Spider:4)
  A cyclops (Orc:2)
  An elephant (Lair:6)
  A yaktaur (Vaults:3)
  3 trolls (Orc:2)
  5 blink frogs (Swamp:3)
  A bog body (Swamp:3)
  A wyvern (Lair:4)
  A water moccasin (Lair:2)
  4 ogres
  2 electric eels (Lair:4)
  An orc wizard (Orc:2)
  An adder (Swamp:3)
  3 orcs (Orc:2)
  2 ball pythons (Swamp:3)
42 creatures vanquished.

Vanquished Creatures (others)
  A ghost moth (Spider:4)
  A shadow wraith (Vaults:2)
  A deep elf archer (Vaults:2)
  A human (Lair:5)
  An orc warrior (Vaults:3)
  A sky beast (D:8)
  An orc (Orc:1)
  22 fungi
  15 plants
44 creatures vanquished.

Grand Total: 1363 creatures vanquished

Notes
Turn   | Place    | Note
-------+----------+-------------------------------------------
     0 | D:1      | Firecrotchwizard the Minotaur Berserker began the quest for the Orb.
     0 | D:1      | Reached XP level 1. HP: 19/19 MP: 0/0
   317 | D:1      | Reached skill level 4 in Fighting
   771 | D:1      | Reached XP level 2. HP: 26/27 MP: 1/1
   951 | D:2      | Reached skill level 4 in Axes
   951 | D:2      | Reached XP level 3. HP: 18/34 MP: 2/2
   965 | D:2      | HP: 8/34 [poisoned by an adder]
   971 | D:2      | HP: 7/34 [poisoned by an adder]
   979 | D:2      | HP: 6/34 [poisoned by an adder]
  1407 | D:2      | Found an ornate altar of the Wu Jian Council.
  1484 | D:2      | Found a shattered altar of Ashenzari.
  1684 | D:2      | Found a basalt altar of Yredelemnul.
  1764 | D:2      | Found a white marble altar of Elyvilon.
  2091 | D:3      | Reached XP level 4. HP: 28/41 MP: 3/3
  2269 | D:3      | Reached ** piety under Trog
  2403 | D:3      | Noticed Robin
  2413 | D:3      | Killed Robin
  2413 | D:3      | Reached skill level 5 in Axes
  2528 | D:3      | Noticed Natasha
  2534 | D:3      | Killed Natasha
  2534 | D:3      | Reached skill level 5 in Fighting
  2693 | D:3      | Found a shadowy altar of Dithmenos.
  2693 | D:3      | Noticed BisonMan's ghost (amateur KoWn)
  2708 | D:3      | Killed BisonMan's ghost
  2708 | D:3      | Reached skill level 3 in Armour
  2708 | D:3      | Reached skill level 3 in Dodging
  2708 | D:3      | Reached XP level 5. HP: 29/48 MP: 4/4
  2709 | D:3      | Found a bloodstained altar of Trog.
  2815 | D:3      | Noticed Natasha
  2820 | D:3      | Killed Natasha
  2820 | D:3      | Reached XP level 6. HP: 52/56 MP: 5/5
  3015 | D:3      | Found a shimmering altar of Xom.
  3072 | D:3      | Noticed Natasha
  3076 | D:3      | Killed Natasha
  3076 | D:3      | Reached skill level 6 in Axes
  3163 | D:4      | Noticed a slave
  3164 | D:4      | Noticed Pikel
  3177 | D:4      | Noticed a slave
  3184 | D:4      | Killed Pikel
  3184 | D:4      | Reached skill level 6 in Fighting
  3184 | D:4      | Reached skill level 7 in Axes
  3184 | D:4      | Reached skill level 4 in Armour
  3184 | D:4      | Reached skill level 4 in Dodging
  3184 | D:4      | Reached XP level 7. HP: 52/64 MP: 6/6
  3561 | D:4      | Reached skill level 5 in Armour
  3586 | D:4      | Noticed Sigmund
  3597 | D:4      | Killed Sigmund
  3597 | D:4      | Reached skill level 8 in Axes
  3597 | D:4      | Reached XP level 8. HP: 61/71 MP: 7/7
  3788 | D:5      | Entered Level 5 of the Dungeon
  3798 | D:5      | Noticed Grinder
  3819 | D:5      | Killed Grinder
  3819 | D:5      | Reached skill level 7 in Fighting
  3819 | D:5      | Reached skill level 5 in Dodging
  3864 | D:5      | Reached skill level 9 in Axes
  4041 | D:5      | Noticed Dowan
  4043 | D:5      | Noticed Duvessa
  4051 | D:5      | Killed Dowan
  4061 | D:5      | Killed Duvessa
  4061 | D:5      | Reached skill level 6 in Armour
  4828 | D:6      | Reached XP level 9. HP: 73/80 MP: 8/8
  4857 | D:6      | Noticed Menkaure
  4863 | D:6      | Killed Menkaure
  4863 | D:6      | Reached skill level 6 in Dodging
  5082 | D:6      | Reached skill level 10 in Axes
  5291 | D:6      | Reached skill level 8 in Fighting
  5299 | D:6      | Reached *** piety under Trog
  5443 | D:6      | Found a staircase to the Ecumenical Temple.
  5889 | D:7      | Found Ziebluwn's Antique Armour Shoppe.
  5902 | D:7      | Reached skill level 7 in Armour
  5906 | D:7      | Bought a runed scarf for 200 gold pieces
  6062 | D:7      | HP: 18/82 [iguana (7)]
  6435 | D:7      | Found an iron altar of Okawaru.
  6576 | D:8      | Reached skill level 11 in Axes
  6749 | D:8      | Reached skill level 7 in Dodging
  6875 | D:8      | Reached XP level 10. HP: 61/90 MP: 9/9
  7025 | D:8      | Found a staircase to the Lair.
  7098 | D:8      | Reached skill level 9 in Fighting
  7110 | D:8      | Noticed a two-headed ogre
  7381 | D:8      | Found a hide-covered altar of Uskayaw.
  7707 | D:8      | Reached skill level 8 in Armour
  7718 | D:8      | Noticed Prince Ribbit
  7729 | D:8      | Killed Prince Ribbit
  7772 | D:8      | HP: 19/91 [steam dragon/ball of steam (26)]
  8533 | D:8      | Noticed a two-headed ogre
  8611 | D:9      | Noticed a two-headed ogre
  8618 | D:9      | HP: 29/136 [two-headed ogre/giant spiked club (13)]
  8620 | D:9      | Killed a two-headed ogre
  8620 | D:9      | Reached skill level 12 in Axes
  8807 | D:9      | Noticed Likado's ghost (journeyman TrTm)
  8818 | D:9      | Reached skill level 8 in Dodging
  8841 | D:8      | Killed a two-headed ogre
  8841 | D:8      | Reached skill level 9 in Armour
  9366 | D:9      | Killed Likado's ghost
  9366 | D:9      | Reached skill level 10 in Fighting
  9366 | D:9      | Reached skill level 13 in Axes
  9366 | D:9      | Reached XP level 11. HP: 98/99 MP: 10/10
  9463 | D:9      | Found a staircase to the Orcish Mines.
  9471 | D:9      | Found a roughly hewn altar of Beogh.
  9594 | D:9      | Noticed a two-headed ogre
  9608 | D:9      | Killed a two-headed ogre
 10166 | D:9      | Found Dolixoz's Antique Armour Boutique.
 10169 | D:9      | Bought a pair of glowing boots for 225 gold pieces
 10224 | D:9      | Reached skill level 9 in Dodging
 10303 | D:10     | Entered Level 10 of the Dungeon
 10311 | D:10     | Noticed Harold
 10335 | D:10     | Killed Harold
 10456 | D:10     | Reached **** piety under Trog
 10494 | D:10     | Reached skill level 10 in Armour
 10580 | D:10     | Reached skill level 14 in Axes
 10588 | D:10     | Noticed Grum
 10738 | D:10     | Killed Grum
 10830 | D:10     | Found the +16 mace of Variability {chaos}
 10830 | D:10     | Found a shimmering altar of Xom.
 10921 | D:10     | Reached skill level 11 in Fighting
 11168 | D:10     | Noticed Fannar
 11183 | D:10     | Killed Fannar
 11183 | D:10     | Reached skill level 1 in Maces & Flails
 11317 | Lair:1   | Entered Level 1 of the Lair of Beasts
 11500 | Lair:1   | Reached XP level 12. HP: 81/110 MP: 11/11
 12357 | Lair:2   | Reached skill level 10 in Dodging
 12914 | Lair:2   | Found a hole to the Spider Nest.
 12969 | Lair:2   | Reached skill level 11 in Armour
 13110 | Lair:2   | Reached skill level 15 in Axes
 13272 | Lair:2   | Noticed a seven-headed hydra
 13314 | Lair:2   | Reached ***** piety under Trog
 13665 | Lair:2   | Reached skill level 12 in Fighting
 13855 | Lair:2   | Killed a ten-headed hydra
 15211 | Lair:4   | Noticed a five-headed hydra
 15214 | Lair:4   | Killed a five-headed hydra
 16334 | Lair:5   | Noticed xfalz's ghost (journeyman GrFi)
 16372 | Lair:5   | Killed xfalz's ghost
 16621 | Lair:5   | Reached skill level 16 in Axes
 16674 | Lair:5   | Reached skill level 11 in Dodging
 16674 | Lair:5   | Reached XP level 13. HP: 119/119 MP: 12/12
 16713 | Lair:5   | Noticed Kirke
 16737 | Lair:5   | Killed Kirke
 16737 | Lair:5   | Reached skill level 12 in Armour
 17176 | Lair:5   | Found a staircase to the Slime Pits.
 17404 | Lair:6   | Entered Level 6 of the Lair of Beasts
 18269 | Lair:6   | Found a glowing silver altar of Zin.
 18273 | Lair:6   | Noticed Nessos
 18296 | Lair:6   | Killed Nessos
 18296 | Lair:6   | Reached skill level 13 in Fighting
 18981 | Lair:6   | Reached skill level 17 in Axes
 19337 | Lair:6   | Got a crude hand axe
 19338 | Lair:6   | Identified the +3 hand axe of Mourning {freeze, Str-4 Int+6 SInv} (You found it on level 6 of the Lair of Beasts)
 19378 | Lair:6   | Noticed a dire elephant
 19378 | Lair:6   | Noticed a dire elephant
 19379 | Lair:6   | Found the cursed +14 obsidian axe {chop, +Fly SInv *Curse}
 19412 | Lair:6   | Killed a dire elephant
 19425 | Lair:6   | Killed a dire elephant
 19521 | Lair:6   | Noticed a dire elephant
 19530 | Lair:6   | Killed a dire elephant
 20064 | Lair:6   | Noticed a dire elephant
 20071 | Lair:6   | Killed a dire elephant
 20071 | Lair:6   | Reached skill level 12 in Dodging
 20298 | Orc:1    | Entered Level 1 of the Orcish Mines
 20343 | Orc:1    | Reached skill level 13 in Armour
 20599 | Orc:2    | Entered Level 2 of the Orcish Mines
 20704 | Orc:2    | Reached XP level 14. HP: 129/129 MP: 13/13
 20813 | Orc:2    | Found a burning altar of Makhleb.
 20915 | Orc:2    | Found a staircase to the Elven Halls.
 21058 | Orc:2    | Found Vuerghemm's Gadget Shoppe.
 21137 | Orc:2    | Found Aghexar's General Store.
 21157 | Orc:2    | Reached skill level 14 in Fighting
 21162 | Orc:2    | Received a gift from Trog
 21168 | Orc:2    | Found Niss's Jewellery Shoppe.
 21390 | Orc:2    | Found Dolixoz's Food Shop.
 21400 | Orc:2    | Found Geps's Magic Scroll Shoppe.
 21418 | Orc:2    | Bought a scroll of identify for 24 gold pieces
 21418 | Orc:2    | Bought a scroll of identify for 24 gold pieces
 22168 | D:11     | Reached skill level 13 in Dodging
 22338 | D:11     | Reached skill level 14 in Armour
 22614 | Orc:2    | Bought the ring "Meanlu" {+Fly rF+ rN++ MP-9 Dex+4} for 477 gold pieces
 22813 | D:11     | Found a portal to a secret trove of treasure.
 23860 | D:13     | Received a gift from Trog
 24048 | D:13     | Noticed Rupert
 24064 | D:13     | Killed Rupert
 24064 | D:13     | Reached skill level 15 in Fighting
 24064 | D:13     | Reached XP level 15. HP: 86/141 MP: 5/14
 25046 | D:14     | Noticed Louise
 25062 | D:14     | Killed Louise
 25064 | D:14     | Got a pitted large shield
 25067 | D:14     | Identified the +2 large shield of Roaraw {rPois Int-2 Dex+8 SInv} (You took it off Louise on level 14 of the Dungeon)
 25168 | D:14     | Reached skill level 18 in Axes
 25357 | D:14     | Received a gift from Trog
 25525 | D:14     | Noticed Snorg
 25537 | D:14     | Killed Snorg
 25591 | D:14     | HP: 33/141 [deep elf mage/bolt of lightning (31)]
 25598 | D:14     | Reached skill level 15 in Armour
 26071 | D:14     | Reached skill level 14 in Dodging
 26084 | D:14     | Reached ****** piety under Trog
 26412 | D:14     | Found a gate to the Vaults.
 26920 | D:15     | Entered Level 15 of the Dungeon
 27355 | D:15     | Found Eppotu's Armour Shop.
 27395 | D:15     | Received a gift from Trog
 27428 | D:15     | Found Zomme's Antique Weapon Shop.
 27574 | D:15     | Found Daufun's General Store.
 27706 | D:15     | Found Uludorag's Gadget Boutique.
 27713 | D:15     | Reached skill level 19 in Axes
 27827 | D:15     | Found a staircase to the Depths.
 27884 | D:15     | Found Keocoh's General Store.
 28236 | Lair:4   | Found a staircase to the Swamp.
 28320 | Swamp:1  | Entered Level 1 of the Swamp
 28329 | Swamp:1  | Noticed a tentacled monstrosity
 28331 | Swamp:1  | Noticed Nikola
 28647 | Swamp:1  | Killed a tentacled monstrosity
 28647 | Swamp:1  | Reached skill level 16 in Fighting
 28647 | Swamp:1  | Reached skill level 1 in Evocations
 29170 | Swamp:1  | Reached XP level 16. HP: 151/151 MP: 6/15
 29255 | Swamp:1  | Killed Nikola
 29325 | Swamp:1  | Got a faintly humming ring mail
 29686 | Swamp:2  | Reached skill level 2 in Evocations
 29860 | Swamp:2  | Noticed Frances
 29873 | Swamp:2  | Killed Frances
 30493 | Swamp:2  | Reached skill level 16 in Armour
 30729 | Swamp:3  | Reached skill level 3 in Evocations
 31432 | Swamp:3  | Got a crude broad axe
 31473 | Swamp:3  | Identified the cursed +2 broad axe "Kaimaa" {elec, Stlth+} (You found it on level 3 of the Swamp)
 31571 | Swamp:3  | Noticed Donald
 31576 | Swamp:3  | Noticed a thorn hunter
 31589 | Swamp:3  | HP: 25/152 [Donald/scimitar of protection (20)]
 31597 | Swamp:3  | Killed Donald
 31597 | Swamp:3  | Reached skill level 15 in Dodging
 31605 | Swamp:3  | Killed a thorn hunter
 31916 | Swamp:3  | Got a bronze scale mail
 32076 | Swamp:4  | Entered Level 4 of the Swamp
 32129 | Swamp:4  | Noticed a thorn hunter
 32143 | Swamp:4  | Killed a thorn hunter
 32143 | Swamp:4  | Reached skill level 4 in Evocations
 32322 | Swamp:4  | Received a gift from Trog
 32702 | Swamp:4  | Noticed a thorn hunter
 32711 | Swamp:4  | Killed a thorn hunter
 33059 | Swamp:4  | Noticed a bone dragon
 33087 | Swamp:4  | Killed a bone dragon
 33087 | Swamp:4  | Reached skill level 5 in Evocations
 33087 | Swamp:4  | Reached XP level 17. HP: 80/160 MP: 10/19
 33107 | Swamp:4  | Got a decaying rune of Zot
 33401 | Swamp:4  | Reached skill level 17 in Fighting
 33799 | Spider:1 | Entered Level 1 of the Spider Nest
 33951 | Spider:1 | Received a gift from Trog
 33959 | Spider:1 | Noticed Azrael
 33968 | Spider:1 | Killed Azrael
 34128 | Spider:1 | Noticed Agnes
 34146 | Spider:1 | Killed Agnes
 34426 | Spider:1 | Reached skill level 17 in Armour
 34436 | Spider:1 | HP: 40/161 [poisoned by a redback]
 34441 | Spider:1 | HP: 36/161 [poisoned by a redback]
 34446 | Spider:1 | HP: 33/161 [poisoned by a redback]
 34452 | Spider:1 | HP: 31/161 [poisoned by a redback]
 34459 | Spider:1 | HP: 31/161 [poisoned by a redback]
 34466 | Spider:1 | HP: 31/161 [poisoned by a redback]
 34474 | Spider:1 | HP: 32/161 [poisoned by a redback]
 34498 | Spider:1 | HP: 33/161 [demonic crawler (8)]
 34503 | Spider:1 | HP: 21/161 [jumping spider (2)]
 34984 | Spider:1 | Reached skill level 6 in Evocations
 36050 | Spider:2 | Reached skill level 16 in Dodging
 36531 | Spider:2 | Received a gift from Trog
 38239 | Spider:3 | Received a gift from Trog
 38447 | Spider:3 | Reached skill level 7 in Evocations
 38611 | Spider:4 | Entered Level 4 of the Spider Nest
 38957 | Spider:4 | HP: 40/163 [something (9)]
 39223 | Spider:4 | Reached skill level 18 in Fighting
 39577 | Spider:4 | Noticed Arachne
 39592 | Spider:4 | Killed Arachne
 39592 | Spider:4 | Reached XP level 18. HP: 131/172 MP: 13/22
 40005 | Spider:4 | HP: 42/172 [emperor scorpion (25)]
 40008 | Spider:4 | HP: 9/172 [emperor scorpion (16)]
 40013 | Spider:4 | HP: 35/172 [disintegration (33)]
 40227 | Spider:4 | Reached skill level 8 in Evocations
 40274 | Spider:4 | Received a gift from Trog
 40284 | Spider:4 | Reached skill level 18 in Armour
 40324 | Spider:4 | HP: 28/172 [disintegration (21)]
 40756 | Spider:4 | Got a gossamer rune of Zot
 41268 | Vaults:1 | Entered Level 1 of the Vaults
 42034 | Vaults:1 | Reached skill level 17 in Dodging
 42715 | Vaults:1 | Reached skill level 9 in Evocations
 42731 | Vaults:1 | Got a diamond-encrusted ring mail
 42930 | Vaults:1 | Received a gift from Trog
 43561 | Vaults:2 | Reached skill level 19 in Fighting
 43733 | Vaults:2 | Reached XP level 19. HP: 154/182 MP: 16/25
 43899 | Vaults:2 | Received a gift from Trog
 44219 | Vaults:2 | Reached skill level 19 in Armour
 44299 | Vaults:2 | Reached skill level 10 in Evocations
 44764 | Vaults:2 | Found a staircase to the Crypt.
 44884 | Vaults:2 | Reached skill level 18 in Dodging
 44907 | Vaults:2 | Received a gift from Trog
 45812 | Vaults:3 | Noticed Aizul
 46287 | Vaults:3 | Found Waoge's Book Boutique.
 46568 | Vaults:3 | Reached skill level 20 in Fighting
 46647 | Vaults:3 | Killed Aizul
 46647 | Vaults:3 | Received a gift from Trog
 46647 | Vaults:3 | Reached skill level 11 in Evocations
 46940 | Vaults:3 | Reached skill level 20 in Axes
 46940 | Vaults:3 | Reached XP level 20. HP: 162/193 MP: 6/27
 46962 | Vaults:3 | HP: 40/193 [deep troll[an ironheart preserver] (10)]
 47427 | Vaults:3 | Noticed agentgt's ghost (adept MiBe)
 47450 | Vaults:3 | HP: 53/289 [agentgt's ghost (30)]
 47457 | Vaults:3 | HP: 14/289 [agentgt's ghost (22)]
 47460 | Vaults:3 | Slain by agentgt's ghost

Skill      XL: |  1  2  3  4  5  6  7  8  9 10 11 12 13 14 15 16 17 18 19 |
---------------+----------------------------------------------------------+-----
Fighting       | 4 5 6 7 8 10 11 12 13 15 16 18 19 20 | 20.1
Axes           | 4 5 7 8 9 11 13 14 16 17 19 20 | 20.2
Armour         | 3 4 5 6 7 9 10 11 13 14 15 16 17 18 19 | 19.9
Dodging        | 3 4 5 7 8 9 11 12 13 14 15 16 17 18 | 18.5
Maces & Flails | 1 |  1.7
Evocations     | 1 5 7 9 11 | 11.0
Stealth        | |  0.3

Action                   |  1- 3 |  4- 6 |  7- 9 | 10-12 | 13-15 | 16-18 | 19-21 || total
-------------------------+-------+-------+-------+-------+-------+-------+-------++-------
Melee: Hand axe          |    79 |    13 |       |       |       |       |       ||    92
       Headbutt          |    11 |    17 |    46 |   191 |   281 |   368 |   150 ||  1064
       War axe           |       |    68 |   255 |   727 |   240 |       |       ||  1290
       Great mace        |       |       |       |    20 |       |       |       ||    20
       Broad axe         |       |       |       |       |   131 |       |       ||   131
       Battleaxe         |       |       |       |       |   563 |  1261 |   408 ||  2232
       Executioner's axe |       |       |       |       |       |       |    68 ||    68
Throw: Javelin           |       |       |       |       |       |    82 |       ||    82
Invok: Trog's Hand       |       |     2 |     4 |     8 |     3 |     5 |     4 ||    26
       Burn Spellbooks   |       |       |     1 |     2 |     2 |     5 |     1 ||    11
       Berserk           |       |       |       |     4 |     1 |       |     1 ||     6
       Brothers in Arms  |       |       |       |     3 |     6 |     6 |     1 ||    16
Evoke: Wand              |       |       |       |     1 |    22 |     3 |     1 ||    27
  Use: Scroll            |       |       |     9 |     6 |    15 |    13 |     4 ||    47
       Potion            |       |       |       |       |     2 |    10 |     1 ||    13
 Stab: Paralysed         |       |       |       |     2 |       |       |       ||     2
       Confused          |       |       |       |       |     1 |       |       ||     1
       Invisible         |       |       |       |       |       |     3 |       ||     3
       Distracted        |       |       |       |       |       |     1 |     1 ||     2
  Eat: Chunk             |     4 |     3 |     9 |    26 |    28 |     8 |     1 ||    79
       Ration            |       |     1 |     1 |     4 |     6 |    13 |     4 ||    29
Armor: Animal skin       |    14 |     6 |       |       |       |       |       ||    20
       Chain mail        |       |    12 |   118 |   111 |       |       |       ||   241
       Plate armour      |       |       |       |   157 |   447 |   759 |       ||  1363
       Fire dragon scale |       |       |       |       |       |    28 |   152 ||   180
Dodge: Dodged            |    53 |    46 |   112 |   364 |   643 |  1088 |   416 ||  2722

Vault maps used:
D:1:      dpeg_arrival_leaves_temple_mockup, minivault_11
D:2:      kennysheep_ying_yang, lemuel_crystal_altar, evilmike_ruin_ashenzari
D:3:      lemuel_coloured_pillars_altar, gammafunk_temple_overflow_pools,
          serial_forest, infiniplex_forest_clump_medium,
          infiniplex_forest_clump_small, infiniplex_forest_lined_room_3,
          infiniplex_forest_lined_3_way, uniq_robin, uniq_natasha
D:4:      cheibrodos_helix_gallery, first_ration, uniq_pikel, uniq_sigmund
D:5:      serial_bayou_crossing, uniq_duvessa, uniq_grinder
D:6:      minmay_temple_entry_statues_pillars,
          hangedman_abyss_or_decor_lesser_grid, uniq_menkaure
D:7:      okawaru_gym_becter, serial_shops, shop
D:8:      lemuel_round_altar, lair_entry_dummy, the_bakery,
          hangedman_misty_isle, uniq_prince_ribbit1
D:9:      minmay_orc_entry_temple_small, serial_shops, shop,
          corexii_corridor_pit
D:10:     minmay_guarded_unrand_variability, uniq_harold, uniq_grum, uniq_fannar
D:11:     nicolae_trove_entry_crossroad
D:13:     uniq_rupert
D:14:     grunt_vaults_entry_fortified, uniq_snorg, uniq_louise
D:15:     hangedman_depths_entry_civil_slaughter, serial_shops, shop,
          nicolae_shop_overgrown_old_shop, nicolae_shop_crystal, shop,
          shop_coins, minmay_misc_feat_four_crosses, fountainhead
Lair:2:   nicolae_spider_entry_tight_spaces, hangedman_lair_generics_rect
Lair:4:   minmay_swamp_entry_eels, nicolae_quartered_pool_medium,
          beast_lair_carwin_6
Lair:5:   minmay_slime_entry_oklob_open, disabler_island, uniq_kirke
Lair:6:   due_jungle_book, basic_altar, infiniplex_staircase_pool_2, uniq_nessos
Swamp:1:  evilmike_swamp_ruin_house_3, uniq_nikola
Swamp:2:  serial_swamp_ruin, evilmike_swamp_ruin_house_5,
          evilmike_swamp_ruin_wall, evilmike_swamp_ruin_house_1, swamp_pool4,
          st_swamp_ruins_3, infiniplex_staircase_pool, uniq_frances
Swamp:3:  evilmike_swamp_ruin_house_2, swamp_pool1, nicolae_swamp_snake_nest,
          uniq_donald
Swamp:4:  swamp_pestilence
Spider:1: uniq_agnes, uniq_azrael
Spider:2: nicolae_spider_cling_ruins
Spider:4: grunt_spider_rune_circles, spiders_nest_ghost_moth_duel, uniq_arachne
Orc:1:    serial_shops
Orc:2:    st_orc_open, serial_shops, nicolae_shop_behind_doors, basic_altar
Vaults:1: ontoclasm_vaults_claustrophobia, v_misc_9, v_alt_pattern_6, v_misc_4,
          grunt_vaults_trifunnel, v_alt_pattern_6,
          nicolae_vaults_windows_and_doors_thing, grunt_vaults_hallway_short,
          nicolae_vaults_back_hallway, nicolae_vaults_hallways_thing,
          grunt_vaults_hallway_short
Vaults:2: nicolae_vaults_big_angled_halls, nicolae_vaults_network_star,
          vaults_standard_mumra_x, minmay_crypt_entry_simple_sparse,
          vaults_dpeg_cross, v_misc_33, nicolae_vaults_display_case,
          hangedman_vaults_stretched_pinwheel, v_pattern_4,
          nicolae_vaults_asterisk, v_misc_31, vaults_mumra_chevron,
          ontoclasm_vaults_decontamination, v_misc_8
Vaults:3: hangedman_vaults_variations, nicolae_vaults_theta,
          nicolae_vaults_circle_grid_b, ontoclasm_vaults_shout,
          nicolae_vaults_three_branches, nicolae_vaults_little_squares_5,
          v_pattern_2, v_misc_14, hangedman_vaults_unwind, vaults_room_pools,
          vaults_standard_mumra_enter_the_diamond, vaults_room_hallway,
          hangedman_vaults_maws, serial_shops, shop, uniq_aizul, uniq_asterion

Table legend:
 A = Turns spent in this place as a percentage of turns spent in the entire game.
 B = Non-inter-level travel turns spent in this place as a percentage of non-inter-level travel turns spent in the entire game.
 C = Inter-level travel turns spent in this place as a percentage of turns spent in this place.
 D = Turns resting spent in this place as a percentage of non-inter-level travel turns spent in this place.
 E = Turns spent auto-exploring this place as a percentage of non-inter-level travel turns spent in this place.
 F = Non-inter-level travel turns spent in this place divided by the number of levels of this place that you've seen.
                   A       B       C       D       E      F
               +-------+-------+-------+-------+-------+----------------------
         Total | 100.0 | 100.0 |   4.9 |  38.8 |  44.0 | 1326.9
       Dungeon |  37.2 |  36.9 |   5.8 |  31.5 |  52.2 | 1109.1
          Lair |  19.2 |  19.0 |   5.8 |  41.8 |  42.0 | 1427.8
         Swamp |  11.4 |  11.6 |   3.6 |  40.8 |  40.3 | 1305.2
   Spider Nest |  15.3 |  15.5 |   3.9 |  44.9 |  39.1 | 1747.5
  Orcish Mines |   3.8 |   3.5 |  13.5 |  19.3 |  64.0 | 789.0
        Vaults |  13.0 |  13.6 |   1.2 |  50.8 |  28.1 | 2040.0
               +-------+-------+-------+-------+-------+----------------------

Table legend:
 A = Kills in this place as a percentage of kills in entire the game.
 B = Kills by you in this place as a percentage of kills by you in the entire game.
 C = Kills by friends in this place as a percentage of kills by friends in the entire game.
 D = Other kills in this place as a percentage of other kills in the entire game.
 E = Experience gained in this place as a percentage of experience gained in the entire game.
 F = Experience gained in this place divided by the number of levels of this place that you have seen.
                   A       B       C       D       E      F
               +-------+-------+-------+-------+-------+----------------------
         Total | 100.0 | 100.0 | 100.0 | 100.0 | 100.0 | 14389.4
       Dungeon |  32.1 |  33.1 |   0.0 |  33.3 |  16.5 | 5369.7
          Lair |  11.8 |  11.4 |  23.8 |  16.7 |   8.7 | 7064.8
         Swamp |  12.9 |  12.3 |  33.3 |   0.0 |  15.6 | 19125.2
   Spider Nest |  15.1 |  15.3 |   9.5 |  16.7 |  18.2 | 22271.0
  Orcish Mines |   7.4 |   6.6 |  31.0 |   0.0 |   4.7 | 11404.0
        Vaults |  20.8 |  21.3 |   2.4 |  33.3 |  36.4 | 59303.3
               +-------+-------+-------+-------+-------+----------------------
